 Dungeon Crawl Stone Soup version 0.30-a0-137-gd8773701ce (webtiles) character file.

Game seed: 10658896480099788412

36 jimonade the Sneak (level 3, -1/21 HPs)
             Began as a Kobold Brigand on Sept 21, 2022.
             Slain by Ijyb
             ... wielding a +0 dagger
              (3 damage)
             ... on level 2 of the Dungeon.
             The game lasted 00:01:50 (1977 turns).

jimonade the Sneak (Kobold Brigand)                 Turns: 1977, Time: 00:01:50

Health: -1/21      AC:  3    Str:  8    XL:     3   Next: 57%
Magic:  3/3        EV: 18    Int: 12    God:
Gold:   228        SH:  0    Dex: 18    Spells: 2/2 levels left

rFire   . . .      SeeInvis .    a - +2 dagger
rCold   . . .      Faith    .    (no shield)
rNeg    . . .      Spirit   .    b - +0 robe
rPois   .          Reflect  .    (no helmet)
rElec   .          Harm     .    c - +0 cloak
rCorr   .          Rampage  .    (no gloves)
Will    .....                    (no boots)
Stlth   ++++......               l - amulet of the acrobat
HPRegen 0.07/turn                o - +4 ring of evasion
MPRegen 0.08/turn                (no ring)

@: no status effects
A: small, no large weapons, nightstalker 3
a: no special abilities


You were on level 2 of the Dungeon.
You visited 1 branch of the dungeon, and saw 3 of its levels.

You collected 228 gold pieces.

Inventory:

Hand Weapons
 a - a +2 dagger (weapon)
 s - a +0 short sword
 t - a +0 short sword
Missiles
 d - 9 poisoned darts (quivered)
 e - 3 curare-tipped darts
Armour
 b - a +0 robe (worn)
 c - a +0 cloak (worn)
 m - a +0 ring mail
Jewellery
 l - an amulet of the acrobat (around neck)
 o - a +4 ring of evasion (left hand)
Scrolls
 i - a scroll of noise {unknown}
 j - 3 scrolls of identify {unknown}
 n - a scroll of immolation {unknown}
 p - a scroll of enchant weapon {unknown}
 q - a scroll of teleportation {unknown}
 r - a scroll of fog {unknown}
 u - a scroll of acquirement {unknown}
Potions
 f - 2 potions of curing {unknown}
 g - 2 potions of degeneration {unknown}
 h - a potion of flight {unknown}
 k - a potion of heal wounds {unknown}


   Skills:
 - Level 2.1 Fighting
 + Level 5.0 Short Blades
 - Level 2.1 Throwing
 - Level 1.2 Dodging
 - Level 5.3 Stealth


You had 2 spell levels left.
You didn't know any spells.
Your spell library contained the following spells:

 Spells                   Type           Power      Damage    Failure   Level
 Shock                    Conj/Air       0%         1d3       32%         1


Dungeon Overview and Level Annotations

Branches:
Dungeon (3/15)

Altars:

Annotations:
D:2 Ijyb


Innate Abilities, Weirdness & Mutations

You are small and have problems with some larger weapons.
You are completely attuned to the shadows.


Message History

You now have 202 gold pieces (gained 5).
You now have 210 gold pieces (gained 8).
Found a hand axe.
You see here a +0 hand axe.
You now have 228 gold pieces (gained 18).
Found a stone staircase leading down.
Found 8 stones.
Ijyb the Twisted Goblin comes into view.
She is wielding a +0 dagger and carrying a wand of paralysis (4).
There is a stone staircase leading down here.
Found 12 gold pieces.
Ijyb shouts!
Ijyb zaps a wand.
You suddenly lose the ability to move!
Ijyb hits you but does no damage.
You can move again.
You closely miss Ijyb. You hit Ijyb but do no damage. Ijyb closely misses you.
You hit Ijyb but do no damage.
Ijyb zaps a wand.
You resist with significant effort.
You barely miss Ijyb.
Ijyb zaps a wand.
You resist with significant effort.
You hit Ijyb but do no damage. You barely miss Ijyb.
Ijyb zaps a wand.
You suddenly lose the ability to move!
The now-empty wand crumbles to dust.
Ijyb hits you with a +0 dagger. x4
You can move again.
You barely miss Ijyb. Ijyb hits you with a +0 dagger.
* * * LOW HITPOINT WARNING * * *
There is a stone staircase leading down here.
Ijyb attacks as you move away! Ijyb completely misses you.
Ijyb attacks as you move away! Ijyb misses you.
There is a stone staircase leading up here.
Ijyb closely misses you.
You climb upwards.
There is a stone staircase leading down here.
You closely miss Ijyb. Ijyb barely misses you.
You hit Ijyb but do no damage. Ijyb hits you with a +0 dagger.
* * * LOW HITPOINT WARNING * * *
You barely miss Ijyb. You hit Ijyb but do no damage. Ijyb misses you.
You hit Ijyb but do no damage. Ijyb hits you with a +0 dagger.
You die...

..# #.# ..#
##.# ..#
#..# ..#
#.##
..###### #.#
.......# #.#
#.####.# #.#
#.####.#
#.###
#.#....#
#@g.#
..#.####
###.# ###.#
#.# #.# #.#
#.#
##########.#
#.#
#..........#
#.#
#.##########
##.#####(#
#.......)#


You could see Ijyb.

Vanquished Creatures
  3 dart slugs
  4 ball pythons
  4 endoplasms
  A giant cockroach (D:1)
  5 goblins
  2 hobgoblins (D:1)
  3 kobolds
  2 bats
  A frilled lizard (D:1)
  3 rats
28 creatures vanquished.

Notes
Turn   | Place    | Note
-------+----------+-------------------------------------------
     0 | D:1      | jimonade the Kobold Brigand began the quest for the Orb.
     0 | D:1      | Reached XP level 1. HP: 12/12 MP: 1/1
   278 | D:1      | Reached XP level 2. HP: 15/17 MP: 2/2
  1034 | D:2      | Reached XP level 3. HP: 21/21 MP: 3/3
  1589 | D:2      | Reached skill level 5 in Short Blades
  1721 | D:2      | Found a faded altar of an unknown god.
  1725 | D:2      | Got Plato's Discourse on Arcane Weapons
  1943 | D:3      | Noticed Ijyb
  1944 | D:3      | Paralysed by Ijyb for 3 turns
  1952 | D:3      | Paralysed by Ijyb for 4 turns
  1977 | D:2      | Slain by Ijyb

Illustrated notes

Levels and vault maps discovered:
D:1:      dpeg_arrival_triangle_fractal, layout_loops_ring,
          hangedman_decor_growths
D:2:      layout_loops_ring, shapermc_ecumenical_altar_rom_forum
D:3:      layout_rooms, mainiacjoe_overflow_alcove_2, gammafunk_ghost_split,
          uniq_ijyb, uniq_sigmund, uniq_terence, uniq_crazy_yiuf_cottage

Skill      XL: |  1  2  3 |
---------------+----------+-----
Short Blades   | 3 4 5 |  5.0
Fighting       | |  2.1
Throwing       | |  2.1
Dodging        | |  1.2
Stealth        | |  5.3

Action                   || total
-------------------------++-------
Melee: Dagger            ||    71
 Stab: Sleeping          ||    15
       Distracted        ||     1
Armor: Robe              ||     7
Dodge: Dodged            ||    29

Table legend: (Time is in decaauts)
 A = Elapsed time spent in this place.
 B = Non-inter-level travel time spent in this place.
 C = Inter-level travel time spent in this place.
 D = Time resting spent in this place.
 E = Time spent auto-exploring this place.
 F = Levels seen in this place.
 G = Mean time per level.
                   A        B        C        D        E       F      G
               +--------+--------+--------+--------+--------+-----+--------+
         Total |   1961 |   1679 |    282 |      0 |   1472 |   3 |  653.7 |
       Dungeon |   1961 |   1679 |    282 |      0 |   1472 |   3 |  653.7 |
               +--------+--------+--------+--------+--------+-----+--------+

Top non-repeatable levels by time:
     D:1: 1026 daAuts
     D:2: 834 daAuts
     D:3: 100 daAuts
